[Event "Titled Tuesday Blitz May 4 2021"]
[White "Suasnabar, Jesus"]
[Black "Havanecz, Bianka"]
[WhiteFideId "3800776"]
[BlackFideId "704814"]
[WhiteElo "2002"]
[BlackElo "2323"]
[Result "1-0"]
[Round "06"]
[TimeControl "180+1"]
[Date "2021.05.04"]
[WhiteClock "0:00:21"]
[BlackClock "0:00:02"]

1. e4 e5 2. Nf3 Nc6 3. d4 exd4 4. Bc4 Bc5 5. c3 dxc3 6. Bxf7+ Kxf7 7. Qd5+ Kf8 8. Qxc5+ Qe7 9. Qxe7+ Ngxe7 10. Nxc3 a6 11. Bf4 d6 12. h3 Be6 13. O-O h6 14. Rac1 g5 15. Be3 Kf7 16. Nd4 Nxd4 17. Bxd4 Rhg8 18. f4 gxf4 19. Rxf4+ Ke8 20. Rh4 Rg6 21. Ne2 c5 22. Bc3 Bxa2 23. Nf4 Rg8 24. Rxh6 Rd8 25. Ba5 Rd7 26. Nh5 Nc6 27. Nf6+ Ke7 28. Nxg8+ Bxg8 29. Bc3 b5 30. Bf6+ Kf7 31. Rf1 c4 32. Bc3+ Ke8 33. Rh8 Ne7 34. Bf6 Kf7 35. Bxe7+ Kxe7 36. Rxg8 1-0


[Site "https://www.chess.com"]

[Event "Titled Tuesday Blitz May 4 2021"]
[White "Suvorov, Alexander"]
[Black "Mikhalsky, Vladimir"]
[WhiteFideId "12977063"]
[BlackFideId "14144352"]
[WhiteElo "2221"]
[BlackElo "2280"]
[Result "1/2-1/2"]
[Round "06"]
[TimeControl "180+1"]
[Date "2021.05.04"]
[WhiteClock "0:00:06"]
[BlackClock "0:00:16"]

1. d4 g6 2. Nf3 Bg7 3. c4 d6 4. Nc3 Nf6 5. e4 O-O 6. Be2 e5 7. Be3 Nc6 8. d5 Ne7 9. Nd2 a5 10. c5 Ne8 11. Nc4 f5 12. f3 f4 13. Bf2 g5 14. h4 h6 15. hxg5 hxg5 16. Qb3 dxc5 17. Bxc5 Nd6 18. Qa3 Rf6 19. Nxe5 b6 20. Bd4 Rf8 21. O-O-O b5 22. Nxb5 Ba6 23. Nc3 Bxe2 24. Nxe2 Nb5 25. Qa4 Nxd4 26. Nxd4 Bxe5 27. Ne6 Qd6 28. Rh5 Bf6 29. Nxf8 Rxf8 30. Qc2 Qe5 31. Rd3 Rb8 32. Rb3 Rb4 33. Rxb4 axb4 34. Rh1 Nc8 35. Rd1 Nd6 36. Rd2 Nb5 37. Qc6 Nd4 38. Qa8+ Kg7 39. Qb7 g4 40. Qxb4 gxf3 41. gxf3 Nxf3 42. Rg2+ Ng5 43. Qc3 Qxc3+ 44. bxc3 f3 45. Rf2 Bxc3 46. Kc2 Bd4 47. Rf1 f2 48. Kd3 Bb6 49. e5 Kg6 50. d6 cxd6 51. exd6 Kf7 52. Kc4 Ke6 53. Kb5 Bd4 54. Kc6 Nf7 55. a4 Nxd6 56. a5 Nc4 57. a6 Nd2 58. Rd1 f1=Q 59. Rxf1 Nxf1 60. Kb7 Nd2 61. a7 Bxa7 62. Kxa7 1/2-1/2


[Site "https://www.chess.com"]

[Event "Titled Tuesday Blitz May 4 2021"]
[White "Suvorov, Luca"]
[Black "Hansen, Soren Bech"]
[WhiteFideId "12977071"]
[BlackFideId "1400681"]
[WhiteElo "2127"]
[BlackElo "2230"]
[Result "1-0"]
[Round "06"]
[TimeControl "180+1"]
[Date "2021.05.04"]
[WhiteClock "0:01:40"]
[BlackClock "0:01:17"]

1. d4 f5 2. c4 Nf6 3. Nc3 d6 4. Nf3 g6 5. g3 Bg7 6. Bg2 O-O 7. O-O Qe8 8. Re1 Qf7 9. e4 fxe4 10. Nxe4 Nxe4 11. Rxe4 Bf5 12. Rh4 Qxc4 13. Bh6 Nc6 14. Bxg7 Kxg7 15. d5 Qc2 16. Qxc2 Bxc2 17. dxc6 bxc6 18. Rc4 Bf5 19. Rxc6 Be4 20. Ng5 Bxc6 21. Bxc6 Rab8 22. Ne6+ Kf6 23. Nxf8 Rxb2 24. Nxh7+ Kf5 25. Re1 e5 26. Bd7# 1-0


[Site "https://www.chess.com"]

[Event "Titled Tuesday Blitz May 4 2021"]
[White "Svane, Rasmus"]
[Black "Moultino06"]
[WhiteFideId "4657101"]
[WhiteElo "2669"]
[BlackElo "2690"]
[Result "0-1"]
[Round "06"]
[TimeControl "180+1"]
[Date "2021.05.04"]
[WhiteClock "0:01:04"]
[BlackClock "0:00:12"]

1. Nf3 Nf6 2. g3 g6 3. Bg2 Bg7 4. O-O O-O 5. d4 d5 6. c4 c6 7. Qb3 a5 8. Rd1 a4 9. Qb4 Qd6 10. Qxd6 exd6 11. Bf4 dxc4 12. Bxd6 Rd8 13. Bc7 Re8 14. e3 Nd5 15. Be5 f6 16. Bxb8 Rxb8 17. Nfd2 b5 18. b3 Bg4 19. Rc1 f5 20. h3 Nxe3 21. fxe3 Rxe3 22. hxg4 Bxd4 23. bxc4 Rc3+ 24. Kh2 Rxc1 25. cxb5 cxb5 26. Nc3 Rxa1 27. Nd5 Rxa2 28. Nf3 Rxg2+ 29. Kxg2 Bb2 30. g5 a3 31. Nb4 Bc3 32. Na2 b4 33. Nc1 b3 34. Ne5 0-1


[Site "https://www.chess.com"]

[Event "Titled Tuesday Blitz May 4 2021"]
[White "Sviridova, Vlada"]
[Black "WelshTiger"]
[WhiteFideId "24109606"]
[WhiteElo "2101"]
[BlackElo "2463"]
[Result "1-0"]
[Round "06"]
[TimeControl "180+1"]
[Date "2021.05.04"]
[WhiteClock "0:00:26"]
[BlackClock "0:00:09"]

1. d4 Nf6 2. c4 g6 3. Nc3 d5 4. cxd5 Nxd5 5. e4 Nxc3 6. bxc3 Bg7 7. Bc4 O-O 8. Ne2 c5 9. O-O Qc7 10. Bd3 b6 11. Bf4 e5 12. Bg3 Bb7 13. d5 c4 14. Bc2 Nd7 15. Qd2 Nc5 16. Rfb1 Ba6 17. a4 Nd3 18. h4 f5 19. exf5 gxf5 20. Nd4 f4 21. Ne6 Qd6 22. Bxd3 cxd3 23. Nxf8 Rxf8 24. Bh2 Qxd5 25. Re1 e4 26. Bxf4 Bxc3 27. Qxc3 Rxf4 28. Rad1 Bb7 29. Re3 Rg4 30. g3 Qh5 31. Qc4+ Bd5 32. Qc8+ Kg7 33. Qd7+ Bf7 34. Qd4+ Kg8 35. Rc1 Bd5 36. Rc8+ Kf7 37. Rc7+ Ke6 38. Rxa7 Rg6 39. Qxb6+ Ke5 40. Qb2+ Ke6 41. Ra6+ Kf5 42. Rxg6 hxg6 43. Qb5 Kg4 44. Qb1 Kf5 45. Qc1 Ke5 46. Qc3+ Ke6 47. Qd2 Ke5 48. Qxd3 Qf5 49. Qc3+ Ke6 50. Qc8+ Ke5 51. Qxf5+ gxf5 52. h5 Kf6 53. a5 Kg5 54. a6 Kxh5 55. a7 Ba8 56. Ra3 Kg4 57. Rc3 f4 58. gxf4 Kxf4 59. Kf1 Ke5 60. Ke2 Kd4 61. Rc8 Bd5 62. a8=Q Bxa8 63. Rxa8 1-0


[Site "https://www.chess.com"]

[Event "Titled Tuesday Blitz May 4 2021"]
[White "Terletsky, Oleg"]
[Black "Unneland, Mathias"]
[WhiteFideId "14116774"]
[BlackFideId "1525581"]
[WhiteElo "2094"]
[BlackElo "1975"]
[Result "1-0"]
[Round "06"]
[TimeControl "180+1"]
[Date "2021.05.04"]
[WhiteClock "0:00:09"]
[BlackClock "0:00:08"]

1. e4 c5 2. Nf3 Nc6 3. d4 cxd4 4. Nxd4 Nf6 5. Nc3 e5 6. Ndb5 d6 7. Bg5 a6 8. Na3 b5 9. Nd5 Be7 10. Bxf6 Bxf6 11. c3 Ne7 12. Nxf6+ gxf6 13. Nc2 Bb7 14. Bd3 d5 15. exd5 Nxd5 16. Be4 f5 17. Bxf5 Nf4 18. Ne3 Bxg2 19. Nxg2 Nxg2+ 20. Kf1 Nf4 21. Qf3 Ra7 22. Re1 Re7 23. Qc6+ Kf8 24. Qh6+ Ke8 25. Qc6+ Kf8 26. Qh6+ Kg8 27. Rg1+ Ng6 28. h4 Qf8 29. Qe3 Qg7 30. h5 Qf6 31. Be4 Kf8 32. hxg6 hxg6 33. Qf3 Qd6 34. Rd1 Qc7 35. Ke2 f5 36. Bd5 e4 37. Qg3 f4 38. Qxg6 Qe5 39. Qg5 f3+ 40. Ke3 Qd6 41. Qf5+ Ke8 42. Qg6+ Qxg6 43. Rxg6 Kd7 44. Bg8+ Kc7 45. Bd5 Rd8 46. Rc6+ Kb7 47. Rd6+ Kc7 48. Rxd8 Kxd8 49. Bxe4+ Kc7 50. Kxf3 Kb6 51. Ke3 Kc5 52. f3 Kb6 53. Rd2 Rh7 54. b3 Rh1 55. a3 Ra1 56. a4 a5 57. axb5 Kxb5 58. b4 a4 59. Bd3+ Kb6 60. Bc4 Rc1 61. Kd3 Rf1 62. Bd5 a3 63. c4 Rb1 64. Kc3 Rc1+ 65. Kb3 Re1 66. Kxa3 Re3+ 67. Kb2 Kc7 68. Kc2 Kd6 69. Rd3 Re2+ 70. Kc3 Re1 71. Kd4 Rc1 72. c5+ Kc7 73. Re3 Rb1 74. Re7+ Kd8 75. Rb7 Rd1+ 76. Ke5 Kc8 77. Kd6 Re1 78. Rf7 Re8 79. Rc7+ Kb8 80. Rb7+ Kc8 81. Rd7 Rg8 82. Be6 Rg6 83. b5 Kb8 84. b6 Ka8 85. c6 Kb8 86. Rd8# 1-0


[Site "https://www.chess.com"]

[Event "Titled Tuesday Blitz May 4 2021"]
[White "The_filthy"]
[Black "Sargsyan, Anna M."]
[BlackFideId "13308130"]
[WhiteElo "2404"]
[BlackElo "2263"]
[Result "0-1"]
[Round "06"]
[TimeControl "180+1"]
[Date "2021.05.04"]
[WhiteClock "0:02:00"]
[BlackClock "0:02:21"]

1. e4 c6 2. Nf3 d5 3. Nc3 Bg4 4. h3 Bxf3 5. Qxf3 Nf6 6. d4 dxe4 7. Nxe4 Nbd7 8. Nc3 e6 9. Bd3 Bd6 10. Bg5 h6 11. Bh4 Qb6 12. O-O-O a5 13. Kb1 a4 14. Ka1 a3 15. b3 Qxd4 16. Bxf6 Qxf6 17. Be4 Be5 18. Rd3 Nc5 19. Re3 Nxe4 20. Qxe4 Bxc3+ 21. Kb1 Bd2 0-1


[Site "https://www.chess.com"]

[Event "Titled Tuesday Blitz May 4 2021"]
[White "Tikhonov, Viacheslav"]
[Black "Maly, Alexey"]
[WhiteFideId "44196407"]
[BlackFideId "14103184"]
[WhiteElo "1773"]
[BlackElo "2314"]
[Result "1/2-1/2"]
[Round "06"]
[TimeControl "180+1"]
[Date "2021.05.04"]
[WhiteClock "0:00:20"]
[BlackClock "0:00:13"]

1. d4 d5 2. c4 dxc4 3. Nf3 Nf6 4. e3 e6 5. Bxc4 a6 6. a4 c5 7. Qe2 Nc6 8. O-O cxd4 9. Rd1 Be7 10. exd4 O-O 11. Nc3 Nb4 12. Bg5 Nfd5 13. Bxe7 Nxe7 14. Ne5 b6 15. Rac1 Bb7 16. Bb3 Nbd5 17. Ne4 Nf5 18. Qg4 Qe7 19. Nc6 Bxc6 20. Rxc6 Nf6 21. Nxf6+ Qxf6 22. d5 Qxb2 23. Bc2 Ne7 24. Qh4 Ng6 25. Bxg6 hxg6 26. dxe6 fxe6 27. h3 Rf6 28. Rd7 Qa1+ 29. Kh2 Qe5+ 30. Qg3 Qxg3+ 31. Kxg3 Raf8 32. Rxb6 Rxf2 33. Rxa6 R2f6 34. Raa7 Rb8 35. Rxg7+ Kf8 36. Rh7 Kg8 37. Rag7+ Kf8 38. Rh8+ Kxg7 39. Rxb8 e5 40. Rb3 Ra6 41. Ra3 Ra5 42. Kf3 Kf6 43. Ke4 g5 44. g3 Ke6 45. h4 gxh4 46. gxh4 Kf6 47. Kd3 Kf5 48. Kc4 e4 49. Kb4 Re5 50. a5 e3 51. Ra1 Re4+ 52. Kc3 Rxh4 53. a6 Rh8 54. a7 Ra8 55. Ra6 Ke5 56. Kd3 Kd5 57. Kxe3 Kc5 58. Ra1 Kb6 59. Kd4 Rxa7 60. Rb1+ Kc7 61. Kc5 Ra5+ 62. Kb4 Rg5 63. Rc1+ Kb6 64. Rc4 Rg1 65. Rh4 Rc1 66. Rh6+ Kc7 67. Kb5 Rb1+ 68. Kc5 Rc1+ 69. Kb5 Kd7 70. Rh2 Kd6 71. Rd2+ Ke5 72. Kb4 Ke4 73. Rd8 Rb1+ 74. Kc3 Rc1+ 75. Kd2 Rc7 76. Rd6 Ke5 77. Ra6 Kd4 78. Ra4+ Kd5 79. Kd3 Rh7 80. Ra5+ Kc6 81. Rg5 Rh4 82. Kc3 Rf4 83. Re5 Kd6 84. Re3 Kd5 85. Rd3+ Kc5 86. Rh3 Rc4+ 87. Kd3 Ra4 88. Rh5+ Kd6 89. Kc3 Rf4 90. Kd3 Rg4 91. Ra5 Kc6 92. Ra6+ Kb5 93. Rh6 Kc5 94. Rh5+ Kd6 95. Ke3 Ra4 96. Rb5 Kc6 97. Rb3 Kd5 98. Rd3+ Ke5 99. Rc3 Re4+ 100. Kd3 Rd4+ 101. Kc2 Rh4 102. Rd3 Rc4+ 103. Rc3 Rg4 104. Rd3 Ke4 105. Ra3 Rg2+ 106. Kb3 Kd4 107. Ra4+ Kd5 108. Rh4 Rg3+ 109. Kb4 Rg1 1/2-1/2


[Site "https://www.chess.com"]

[Event "Titled Tuesday Blitz May 4 2021"]
[White "Timmermans, Mark"]
[Black "Triapishko, Alexandr"]
[WhiteFideId "1026399"]
[BlackFideId "14122286"]
[WhiteElo "2460"]
[BlackElo "2490"]
[Result "1/2-1/2"]
[Round "06"]
[TimeControl "180+1"]
[Date "2021.05.04"]
[WhiteClock "0:00:17"]
[BlackClock "0:00:05"]

1. b4 e5 2. Bb2 d6 3. b5 g6 4. a4 Bg7 5. c4 Ne7 6. e3 O-O 7. Nc3 f5 8. Nf3 f4 9. Be2 h6 10. Qc2 g5 11. h3 Bf5 12. Bd3 Nd7 13. Bxf5 Nxf5 14. O-O-O Nb6 15. Nd5 c6 16. Nxb6 axb6 17. Kb1 Qd7 18. Qb3 Qf7 19. e4 Ne7 20. d4 Ng6 21. dxe5 dxe5 22. Rd6 Rfd8 23. Rhd1 Rxd6 24. Rxd6 Bf8 25. Rd2 Qe6 26. Nh2 h5 27. Nf3 Be7 28. Ne1 g4 29. hxg4 hxg4 30. Nd3 Rd8 31. f3 g3 32. Kc2 Nh4 33. Bxe5 Rxd3 34. Qxd3 Qxe5 35. bxc6 bxc6 36. Qd7 Qc5 37. Qe6+ Kf8 38. e5 Qe3 39. Rd6 Qe2+ 40. Rd2 Qe3 41. Rd6 Qe2+ 42. Rd2 Qe3 1/2-1/2


[Site "https://www.chess.com"]

[Event "Titled Tuesday Blitz May 4 2021"]
[White "Todorovic, Bojan"]
[Black "Melkevik, Johannes"]
[WhiteFideId "917087"]
[BlackFideId "1501836"]
[WhiteElo "2266"]
[BlackElo "1727"]
[Result "1-0"]
[Round "06"]
[TimeControl "180+1"]
[Date "2021.05.04"]
[WhiteClock "0:00:27"]
[BlackClock "0:00:01"]

1. Nf3 b6 2. e4 Bb7 3. Nc3 e6 4. d4 c5 5. d5 Nf6 6. Be2 exd5 7. exd5 Bd6 8. O-O O-O 9. Bg5 h6 10. Bh4 g5 11. Bg3 Bxg3 12. hxg3 Qe7 13. Re1 Qd6 14. Nb5 Qxd5 15. Qxd5 Nxd5 16. Bc4 a6 17. Nd6 Bc6 18. Rad1 Nb4 19. c3 b5 20. Bxf7+ Kg7 21. cxb4 Bxf3 22. gxf3 Rxf7 23. Nxf7 Kxf7 24. bxc5 Ra7 25. Rd6 Rc7 26. b4 a5 27. a3 Nc6 28. Re4 Ne7 29. Rxh6 Nf5 30. Rh7+ Kg6 31. Rh8 Kg7 32. Rb8 d6 33. Rxb5 dxc5 34. Rxc5 Rd7 35. Rxf5 Kg6 36. Ree5 Rd1+ 37. Kg2 g4 38. fxg4 axb4 39. axb4 Rb1 40. b5 Rb2 41. Re6+ Kg7 42. b6 Kh7 43. g5 Kg7 44. g4 Kh7 45. g6+ Kg7 46. Rf7+ Kg8 47. b7 1-0


[Site "https://www.chess.com"]

[Event "Titled Tuesday Blitz May 4 2021"]
[White "Tokhirjonova, Gulrukhbegim"]
[Black "Zaichenko, Daria"]
[WhiteFideId "14203626"]
[BlackFideId "4197453"]
[WhiteElo "2236"]
[BlackElo "2039"]
[Result "1-0"]
[Round "06"]
[TimeControl "180+1"]
[Date "2021.05.04"]
[WhiteClock "0:01:57"]
[BlackClock "0:01:08"]

1. e4 c5 2. Nf3 Nc6 3. Bb5 d6 4. O-O Nf6 5. Re1 e5 6. h3 Be7 7. c3 a6 8. Bf1 O-O 9. d4 cxd4 10. cxd4 exd4 11. Nxd4 Qb6 12. Nb3 Be6 13. Be3 Qc7 14. Nc3 Rad8 15. Rc1 b5 16. Nd5 Qb7 17. Rxc6 Bxd5 18. exd5 Rc8 19. Bg5 Nxd5 20. Rxc8 Rxc8 21. Bxe7 Nxe7 22. Qxd6 Nf5 23. Qe5 g6 24. Bd3 Ng7 25. Qe7 Qd5 26. Be4 Qh5 27. Bf3 Qf5 28. Bg4 Qh5 29. Bxh5 1-0


[Site "https://www.chess.com"]

[Event "Titled Tuesday Blitz May 4 2021"]
[White "Tokman, Ariel"]
[Black "Tejedor Fuente, Enrique"]
[WhiteFideId "117420"]
[BlackFideId "2299100"]
[WhiteElo "2345"]
[BlackElo "2535"]
[Result "0-1"]
[Round "06"]
[TimeControl "180+1"]
[Date "2021.05.04"]
[WhiteClock "0:00:05"]
[BlackClock "0:00:02"]

1. c4 b6 2. Nc3 Bb7 3. Nf3 Bxf3 4. gxf3 c5 5. e3 g6 6. Rb1 Bg7 7. b4 Bxc3 8. dxc3 Nc6 9. f4 Nf6 10. Bg2 Rc8 11. O-O O-O 12. Qd3 d6 13. Rd1 Qd7 14. Bd2 Rfd8 15. Be1 Qf5 16. Qxf5 gxf5 17. f3 Nb8 18. b5 Nbd7 19. Bh3 e6 20. Rxd6 Nf8 21. Rbd1 Rxd6 22. Rxd6 Ng6 23. a4 Kf8 24. a5 Ke7 25. Rd2 Ne8 26. Bf1 Nd6 27. a6 Rg8 28. Rg2 Rd8 29. Be2 f6 30. h4 Kf7 31. Kh2 h5 32. Bf1 Rd7 33. Rd2 Ke7 34. Kg3 e5 35. Rd5 Ke6 36. Bd2 Ne7 37. fxe5 fxe5 38. Rd3 e4 39. fxe4 Nxe4+ 40. Kf3 Rxd3 41. Bxd3 Nxd2+ 42. Ke2 Nb3 43. Kd1 Na5 44. Ke2 Ng6 0-1


[Site "https://www.chess.com"]

[Event "Titled Tuesday Blitz May 4 2021"]
[White "Tomb, Maroun"]
[Black "Titichoca Daza, Daniel"]
[WhiteFideId "5300398"]
[BlackFideId "3309550"]
[WhiteElo "2574"]
[BlackElo "1910"]
[Result "1-0"]
[Round "06"]
[TimeControl "180+1"]
[Date "2021.05.04"]
[WhiteClock "0:00:10"]
[BlackClock "0:00:01"]

1. e4 c5 2. Ne2 Nc6 3. Nbc3 g6 4. d4 cxd4 5. Nxd4 Bg7 6. Nde2 Nf6 7. g3 O-O 8. Bg2 d6 9. O-O Rb8 10. a4 b6 11. Nd5 Bb7 12. c3 Nd7 13. Nd4 Rc8 14. Be3 Nde5 15. Qe2 e6 16. Nxc6 Nxc6 17. Nf4 Qe7 18. Rfd1 Ne5 19. a5 Bc6 20. axb6 axb6 21. Bxb6 Qb7 22. Bd4 Bb5 23. Qc2 Rfd8 24. Ra7 Qc6 25. h3 h5 26. Kh2 h4 27. g4 d5 28. exd5 Qd6 29. Kh1 exd5 30. Bxd5 Bc6 31. Qe4 Bxd5 32. Nxd5 Qxd5 33. Qxd5 Rxd5 34. Rda1 Nf3 35. Bxg7 Kxg7 36. Kg2 Ne5 37. Re7 Kf6 38. Raa7 Rd2 39. g5+ Kxg5 40. Rxe5+ f5 41. Rb7 Rc2 42. Re6 Kh5 43. Rh7+ Kg5 44. Rb7 Kf4 45. Rxg6 Rd8 46. Rb4+ Ke5 47. Ra6 Rdd2 48. Ra5+ 1-0


[Site "https://www.chess.com"]

[Event "Titled Tuesday Blitz May 4 2021"]
[White "Torkkola, Henri"]
[Black "Eggleston, Thomas A"]
[WhiteFideId "507660"]
[BlackFideId "412139"]
[WhiteElo "2137"]
[BlackElo "2174"]
[Result "1-0"]
[Round "06"]
[TimeControl "180+1"]
[Date "2021.05.04"]
[WhiteClock "0:00:13"]
[BlackClock "0:00:07"]

1. d4 Nf6 2. Bf4 d5 3. e3 c5 4. c3 Qb6 5. Qb3 c4 6. Qc2 Nc6 7. Nd2 Nh5 8. Be5 f6 9. Bg3 Nxg3 10. hxg3 g6 11. e4 e6 12. b3 cxb3 13. axb3 Bg7 14. exd5 exd5 15. Rxh7 Bf5 16. Rxh8+ Bxh8 17. Bd3 Bxd3 18. Qxd3 Kf7 19. Ngf3 Re8+ 20. Kf1 a6 21. Re1 Rxe1+ 22. Kxe1 Qa5 23. Nh4 Qa1+ 24. Ke2 Ne7 25. g4 Bg7 26. f4 Bh6 27. g3 Qh1 28. Qf3 Qh2+ 29. Qg2 Qxg2+ 30. Nxg2 Ke6 31. Ne3 Bg7 32. Kd3 f5 33. g5 Nc8 34. Nf3 Nd6 35. Nh4 Ne4 36. Nxg6 Nxg3 37. Ne5 Ne4 38. c4 Nf2+ 39. Ke2 Nh3 40. Kf3 dxc4 41. bxc4 a5 42. d5+ Kd6 43. Nxf5+ Kc5 44. Nxg7 a4 45. Nd3+ Kd6 46. Nf5+ Kd7 47. Nd4 Ng1+ 48. Kf2 Nh3+ 49. Kg3 Ng1 50. Kg2 Ne2 51. Nxe2 a3 52. Nb4 Kd6 53. Na2 Kc5 54. g6 Kxc4 55. g7 Kb3 56. g8=Q Kxa2 57. d6+ Kb2 58. d7 a2 59. Qxa2+ Kxa2 60. d8=Q Kb2 61. Nd4 Kc3 62. Nb5+ Kc4 63. Nd6+ Kc5 64. Nxb7+ Kc6 65. Qd6+ Kb5 66. Qc5+ Ka4 67. Qb6 Ka3 68. Kf2 Ka2 69. Ke2 Ka1 70. Kd2 Ka2 71. Kc2 Ka3 72. Qa5# 1-0


[Site "https://www.chess.com"]

[Event "Titled Tuesday Blitz May 4 2021"]
[White "Trent, Lawrence"]
[Black "Nosacheva, Mariya"]
[WhiteFideId "408638"]
[BlackFideId "34111422"]
[WhiteElo "2474"]
[BlackElo "2035"]
[Result "1-0"]
[Round "06"]
[TimeControl "180+1"]
[Date "2021.05.04"]
[WhiteClock "0:00:13"]
[BlackClock "0:00:18"]

1. d4 Nf6 2. Bg5 Ne4 3. h4 d5 4. Nd2 Nxg5 5. hxg5 e5 6. dxe5 Qxg5 7. Ngf3 Qd8 8. e4 dxe4 9. Nxe4 Qxd1+ 10. Rxd1 Bf5 11. Bb5+ Nd7 12. e6 Bxe6 13. Nfg5 O-O-O 14. Nxe6 fxe6 15. Ng5 Bd6 16. Nf7 Rde8 17. Nxh8 Rxh8 18. Bxd7+ Kxd7 19. Ke2 h5 20. c4 b6 21. Rd3 Ke7 22. Rdh3 g6 23. g4 Rf8 24. gxh5 gxh5 25. Rxh5 Rf4 26. b3 Bc5 27. f3 a5 28. Rh7+ Kd6 29. R1h4 Rf8 30. Re4 Rf6 31. Rg4 Kc6 32. Rgg7 Bd6 33. Rg4 e5 34. Rhg7 Rf5 35. R7g5 Rf8 36. Rg8 Rf5 37. Ke3 Kc5 38. Ke4 Rf6 39. R8g6 Rf7 40. Re6 Kb4 41. Rg2 Rf4+ 42. Ke3 Bc5+ 43. Ke2 Bd6 44. Rh6 a4 45. Rh1 Ka3 46. bxa4 Rxc4 47. Kd3 Rd4+ 48. Ke3 Kxa4 49. Rb1 Rf4 50. Rc2 Bc5+ 51. Ke2 Rh4 52. Rb3 Rh1 53. Rc4+ Ka5 54. Kd3 Rf1 55. Ke4 Rf2 56. a4 Re2+ 57. Kd5 Ka6 58. Kc6 Bd6 59. Rb5 Ra2 60. Rb3 Ra3 61. Rxa3 Bxa3 62. Kxc7 Bc5 63. Kc6 Bd4 64. Kd5 Ka5 65. Rxd4 exd4 66. Kxd4 Kxa4 67. f4 Kb5 68. Kd5 Kb4 69. f5 Ka3 70. f6 b5 71. f7 b4 72. f8=Q Ka4 73. Kc4 1-0


[Site "https://www.chess.com"]

[Event "Titled Tuesday Blitz May 4 2021"]
[White "Vega Gutierrez, Sabrina"]
[Black "Grineva, Marianna"]
[WhiteFideId "2219026"]
[BlackFideId "14102013"]
[WhiteElo "2281"]
[BlackElo "1925"]
[Result "1-0"]
[Round "06"]
[TimeControl "180+1"]
[Date "2021.05.04"]
[WhiteClock "0:00:02"]
[BlackClock "0:00:01"]

1. e4 c5 2. Nf3 d6 3. d4 cxd4 4. Qxd4 Nf6 5. Bg5 Nc6 6. Bb5 Bd7 7. Bxc6 bxc6 8. O-O Qb6 9. Qd3 Qxb2 10. Nc3 Qb6 11. e5 dxe5 12. Nxe5 Rd8 13. Rab1 Qc7 14. Rfe1 e6 15. Bxf6 gxf6 16. Ng4 Qf4 17. Re4 Qg5 18. Rd4 Bc5 19. Ne4 Bxd4 20. Nxg5 c5 21. Ne4 Ke7 22. c3 f5 23. cxd4 fxe4 24. Qxe4 f5 25. Qe5 fxg4 26. Qg7+ Kd6 27. dxc5+ Kc6 28. Rd1 Bc8 29. Rxd8 Rxd8 30. h3 gxh3 31. gxh3 Rd5 32. Qxh7 Rxc5 33. Qe4+ Rd5 34. h4 Kd6 35. Qf3 Bd7 36. h5 Bc6 37. Kh2 Rf5 38. Qg3+ Ke7 39. Qg7+ Kd6 40. h6 Be4 41. Kg3 Rh5 42. f4 Bf5 43. Qf8+ Kd5 44. Qg7 Rh3+ 45. Kf2 Kd6 46. Qe5+ Kd7 47. Qg7+ Kc6 48. Qxa7 Kd5 49. Qb7+ Kd4 50. Qg7+ Ke4 51. Qe5+ Kd3 52. a4 Rxh6 53. a5 Rh2+ 54. Kg3 Rh3+ 55. Kg2 Re3 56. Qd6+ Ke2 57. a6 Be4+ 58. Kh2 Bd5 59. Qb6 Rb3 60. Qc5 1-0


[Site "https://www.chess.com"]

[Event "Titled Tuesday Blitz May 4 2021"]
[White "Velickovic, Zoran"]
[Black "Buksa, Nataliya"]
[WhiteFideId "14601184"]
[BlackFideId "14123622"]
[WhiteElo "2341"]
[BlackElo "2214"]
[Result "0-1"]
[Round "06"]
[TimeControl "180+1"]
[Date "2021.05.04"]
[WhiteClock "0:00:04"]
[BlackClock "0:01:06"]

1. Nf3 d5 2. g3 g6 3. c4 c6 4. d4 Bg7 5. b3 Nf6 6. Bg2 O-O 7. O-O a5 8. Nc3 Ne4 9. Bb2 Nxc3 10. Bxc3 a4 11. e3 Nd7 12. cxd5 cxd5 13. bxa4 Nb6 14. a5 Nc4 15. Nd2 Nxa5 16. Rb1 e6 17. Bb4 Re8 18. Bc5 Bd7 19. Qc2 b5 20. Rfc1 Nc4 21. Nxc4 bxc4 22. Rb6 Ra4 23. Rcb1 Qa8 24. a3 Bf8 25. e4 Bc6 26. Rxc6 Qxc6 27. exd5 exd5 28. Bxd5 Qd7 29. Bxc4 Bxc5 30. dxc5 Ra5 31. c6 Qc8 32. a4 Re7 33. Bb5 Raa7 34. Rd1 h5 35. Qc5 h4 36. Qd6 Qf5 37. Qd8+ Kh7 38. Qd4 h3 39. Qh4+ Kg7 0-1


[Site "https://www.chess.com"]

[Event "Titled Tuesday Blitz May 4 2021"]
[White "Villegas, Pierre"]
[Black "Srisshhhtea"]
[WhiteFideId "654183"]
[WhiteElo "2411"]
[BlackElo "2391"]
[Result "1/2-1/2"]
[Round "06"]
[TimeControl "180+1"]
[Date "2021.05.04"]
[WhiteClock "0:00:06"]
[BlackClock "0:00:03"]

1. d4 Nf6 2. c4 c5 3. d5 b5 4. cxb5 a6 5. bxa6 Bxa6 6. Nc3 g6 7. e4 d6 8. Nf3 Bg7 9. Bxa6 Nxa6 10. O-O O-O 11. Qe2 Qb6 12. Bd2 Rfb8 13. Rfb1 Nd7 14. a4 Nb4 15. Nb5 Nc2 16. Ra2 Qa6 17. Bc3 Nb4 18. Ra3 Nb6 19. Bxg7 Kxg7 20. b3 Kg8 21. Nd2 Nd7 22. Nc4 Nb6 23. Nc7 Qa7 24. Nxa8 Nxc4 25. Qxc4 Qxa8 26. a5 Qa7 27. a6 Rb6 28. Rba1 Kg7 29. h4 h5 30. f3 Kg8 31. Kh2 Kg7 32. g4 hxg4 33. fxg4 Rb8 34. Qc3+ f6 35. Kg3 Kf7 36. g5 Rf8 37. Rf1 Kg7 38. Qc4 fxg5 39. Rxf8 Kxf8 40. hxg5 Kg7 41. Ra1 Kg8 42. Kg4 Qd7+ 43. Kg3 Qa7 44. Qf1 Kg7 45. Qc4 Kg8 1/2-1/2


[Site "https://www.chess.com"]

[Event "Titled Tuesday Blitz May 4 2021"]
[White "Visakh N R"]
[Black "Gusarov, Grigory"]
[WhiteFideId "25012223"]
[BlackFideId "24102172"]
[WhiteElo "2428"]
[BlackElo "2285"]
[Result "0-1"]
[Round "06"]
[TimeControl "180+1"]
[Date "2021.05.04"]
[WhiteClock "0:00:02"]
[BlackClock "0:01:07"]

1. Nf3 d5 2. e3 c6 3. c4 Nf6 4. b3 Bg4 5. Bb2 Nbd7 6. h3 Bh5 7. Be2 e6 8. O-O Bd6 9. d4 O-O 10. Ne5 Bxe2 11. Qxe2 Bxe5 12. dxe5 Ne4 13. Nc3 Nxc3 14. Bxc3 Qc7 15. f4 Rfd8 16. Bd4 c5 17. Bb2 dxc4 18. bxc4 Nb8 19. f5 exf5 20. Rxf5 Nc6 21. Raf1 Rd7 22. Qg4 Re8 23. e6 fxe6 24. Rxc5 Qb6 25. Ba3 Qa6 26. Qh5 g6 27. Rg5 Rg7 28. Qf3 Qxa3 29. h4 Rf8 0-1


[Site "https://www.chess.com"]

[Event "Titled Tuesday Blitz May 4 2021"]
[White "Vlassov, Nikolai"]
[Black "Prydun, Andriy"]
[WhiteFideId "4103360"]
[BlackFideId "14145898"]
[WhiteElo "2407"]
[BlackElo "2033"]
[Result "1-0"]
[Round "06"]
[TimeControl "180+1"]
[Date "2021.05.04"]
[WhiteClock "0:00:10"]
[BlackClock "0:00:07"]

1. e4 d5 2. exd5 Qxd5 3. Nc3 Qd6 4. Nf3 Nf6 5. d4 c6 6. g3 Bf5 7. Bg2 Nbd7 8. O-O h6 9. Bf4 Qb4 10. Qd2 e6 11. Rab1 Nd5 12. a3 Qb6 13. Na4 Qd8 14. Rbe1 Nxf4 15. gxf4 g5 16. fxg5 hxg5 17. c4 g4 18. Ne5 Qh4 19. Qf4 Bd6 20. Qg3 Nxe5 21. dxe5 Bc7 22. Nc5 O-O-O 23. Be4 Qg5 24. f4 Qg6 25. Bg2 Bb6 26. b4 Rd3 27. Re3 Rd2 28. Rf2 Rhd8 29. Rxd2 Rxd2 30. Bf1 Be4 31. Nxe4 Qxe4 32. c5 Qd4 33. cxb6 axb6 34. Kh1 Qd5+ 35. Bg2 Rd1+ 36. Re1 Qd2 37. Rg1 Rxg1+ 38. Kxg1 Qd4+ 39. Qf2 Qa1+ 40. Bf1 Qxa3 41. Qd4 Qf3 42. Bg2 Qb3 43. Kf2 Qb1 44. Kg3 Qg6 45. Qxb6 Qh5 46. Qd4 Qg6 47. Qe4 Qh5 48. Qe2 Qg6 49. Qxg4 Qd3+ 50. Qf3 Qd2 51. h4 Qxb4 52. h5 Qe1+ 53. Kg4 Qa5 54. h6 Qd8 55. Qh3 Qg8+ 56. Kf3 Qg6 57. h7 Qd3+ 58. Kf2 Qd1 1-0


[Site "https://www.chess.com"]

[Event "Titled Tuesday Blitz May 4 2021"]
[White "Voege, Tobias"]
[Black "Almeida Junior, Alvaro Alves de"]
[WhiteFideId "1270513"]
[BlackFideId "2149974"]
[WhiteElo "2283"]
[BlackElo "2097"]
[Result "1-0"]
[Round "06"]
[TimeControl "180+1"]
[Date "2021.05.04"]
[WhiteClock "0:00:08"]
[BlackClock "0:00:03"]

1. d4 Nf6 2. c4 g6 3. Nc3 d5 4. cxd5 Nxd5 5. e4 Nxc3 6. bxc3 Bg7 7. Bc4 c5 8. Ne2 O-O 9. O-O Nc6 10. Be3 Bg4 11. f3 cxd4 12. cxd4 Bd7 13. Rb1 b6 14. Qd2 Na5 15. Ba6 Bc8 16. Bd3 Bb7 17. Kh1 Rc8 18. Bh6 Nc4 19. Bxc4 Rxc4 20. Bxg7 Kxg7 21. d5 Qc7 22. Qg5 h6 23. Qg4 Rc2 24. Nd4 Rxa2 25. Rbc1 Qe5 26. Nc6 Bxc6 27. dxc6 e6 28. Rfd1 Rc8 29. h4 h5 30. Qh3 b5 31. Qh2 Qxh2+ 32. Kxh2 Ra6 33. c7 b4 34. Rd8 Rxc7 35. Rxc7 Rb6 36. Rdd7 b3 37. Rc1 a5 38. Rd4 b2 39. Rb1 Rb5 40. Rd2 a4 41. Rdxb2 1-0


[Site "https://www.chess.com"]